 Dungeon Crawl Stone Soup version 0.23.0 (webtiles) character file.

Game seed: 17477711460081259739

563 lyphon the Firebug (level 7, -4/40 HPs)
             Began as a Gargoyle Fire Elementalist on Feb 9, 2019.
             Killed from afar by an orc wizard (6 damage)
             ... with a puff of frost
             ... on level 4 of the Dungeon.
             The game lasted 00:14:50 (3873 turns).

lyphon the Firebug (Gargoyle Fire Elementalist)     Turns: 3873, Time: 00:14:50

Health: -4/40      AC:  6    Str: 12    XL:     7   Next: 32%
Magic:  1/11       EV: 12    Int: 17    God:
Gold:   121        SH:  0    Dex: 10    Spells: 2/12 levels left

rFire    . . .     SeeInvis .   a - +3 dagger
rCold    . . .     Gourm    .   (no shield)
rNeg     + . .     Faith    .   l - +0 robe
rPois    ∞         Spirit   .   (no helmet)
rElec    +         Reflect  .   (no cloak)
rCorr    .         Harm     .   (no gloves)
MR       .....                  (no boots)
Stlth    ++........             (no amulet)
HPRegen  0.13/turn              (no ring)
MPRegen  0.12/turn              (no ring)

@: very slightly contaminated
A: negative energy resistance 1, electricity resistance, unbreathing,
petrification resistance, rot immunity, AC +4
a: no special abilities


You were on level 4 of the Dungeon.
You were not hungry.

You visited 1 branch of the dungeon, and saw 4 of its levels.

You collected 121 gold pieces.

Inventory:

Hand Weapons
 a - a +3 dagger (weapon)
 b - a +0 hunting sling
 h - a +0 dagger
 y - a +0 dagger of speed
Missiles
 i - 51 bolts
 j - 107 stones (quivered)
 q - 5 curare-tipped needles
 r - 31 sling bullets
Armour
 l - a +0 robe (worn)
Jewellery
 n - a cursed ring of teleportation {unknown}
Scrolls
 k - 8 scrolls of identify {unknown}
 m - 2 scrolls of teleportation {unknown}
 p - 3 scrolls of magic mapping {unknown}
 u - a scroll of enchant weapon {unknown}
 v - a scroll of enchant armour {unknown}
 w - a scroll of fear {unknown}
 A - a scroll of remove curse {unknown}
Potions
 d - a potion of berserk rage {unknown}
 e - a potion of resistance {unknown}
 f - a potion of agility {unknown}
 g - 5 potions of brilliance {unknown}
 o - a potion of curing {unknown}
 s - a potion of lignification {unknown}
 t - a potion of might {unknown}
 x - a potion of degeneration {unknown}
 z - a potion of heal wounds {unknown}
 C - 2 potions of mutation {unknown}
Comestibles
 c - 6 rations
 B - 2 chunks of flesh


   Skills:
 + Level 2.9 Fighting
 - Level 1.6 Dodging
 - Level 2.1 Stealth
 + Level 3.3 Spellcasting
 * Level 4.8 Conjurations
 * Level 5.3 Fire Magic


You had 2 spell levels left.
You knew the following spells:

 Your Spells              Type           Power        Failure   Level  Hunger
a - Flame Tongue          Conj/Fire      ###..        1%          1    None
b - Throw Flame           Conj/Fire      ###...       3%          2    ##.....
c - Conjure Flame         Conj/Fire      ###.....     6%          3    ###....
d - Sticky Flame          Conj/Fire      ###.....     21%         4    ####...

Your spell library contained the following spells:

 Spells                   Type           Power        Failure   Level  Hunger
 Inner Flame              Hex/Fire       ##......     17%         3    ###....
 Fireball                 Conj/Fire      ###.......   50%         5    ######.


Dungeon Overview and Level Annotations

Branches:
Dungeon (4/15)
 Temple: D:4-7

Altars:
Elyvilon


Innate Abilities, Weirdness & Mutations

You are resistant to torment.
Your stone body is resilient. (AC +4)
You are immune to poison.
You resist negative energy. (rN+)
You are resistant to electric shocks. (rElec)
You can survive without breathing.
You are immune to petrification.
You are immune to rotting.


Message History

You can't see any susceptible monsters within range! (Use Z to cast anyway.)
Casting: Flame Tongue (safe; 1% risk of failure)
Confirm with . or Enter, or press ? or * to list all spells.
You can't see any susceptible monsters within range! (Use Z to cast anyway.)
Casting: Flame Tongue (safe; 1% risk of failure)
Confirm with . or Enter, or press ? or * to list all spells.
Aiming: Flame Tongue (safe; 1% risk of failure)
Press: ? - help, Shift-Dir - straight line Something hits you but does no damage.
A magic dart appears from out of thin air!
The magic dart hits you.
* * * LOW HITPOINT WARNING * * *
You hear some strange, mumbled words.
A puff of frost appears from out of thin air!
The puff of frost hits you!
* * * LOW HITPOINT WARNING * * *
You hear some strange, mumbled words.
A puff of frost appears from out of thin air!
The puff of frost hits you.
You die...

##.#..# #..#..#
#.##..#
########.##..#
#....†...##..##
#.######......#
#.# ###.####
#.# (####. #@#
..o. #.# ...
#{# #'## #.#
##..#
#.######8..#
#.#...)...##
#.÷(.))...##
########8..#
##..# #


There were no monsters in sight!

Vanquished Creatures
  A phantom (D:4)
  3 scorpions (D:4)
  A howler monkey (D:4)
  An orc priest (D:4)
  A hound (D:3)
  An iguana (D:4)
  An orc wizard (D:2)
  A worker ant (D:4)
  A gnoll (D:4)
  4 adders
  6 worms
  4 dart slugs
  2 leopard geckos
  13 orcs
  A giant cockroach (D:4)
  7 goblins
  6 hobgoblins
  2 quokkas
  2 ball pythons
  3 bats
  7 frilled lizards
  13 kobolds
  9 rats
90 creatures vanquished.

Notes
Turn   | Place    | Note
-------+----------+-------------------------------------------
     0 | D:1      | lyphon the Gargoyle Fire Elementalist began the quest for
                  | the Orb.
     0 | D:1      | Reached XP level 1. HP: 10/10 MP: 3/3
   189 | D:1      | Reached XP level 2. HP: 16/16 MP: 3/5
   979 | D:2      | Reached XP level 3. HP: 20/20 MP: 1/6
  1047 | D:2      | Reached skill level 1 in Fighting
  1385 | D:2      | Learned a level 2 spell: Throw Flame
  1392 | D:2      | Learned a level 3 spell: Conjure Flame
  1469 | D:2      | Reached XP level 4. HP: 25/25 MP: 0/7
  2022 | D:3      | Reached skill level 4 in Fire Magic
  2228 | D:3      | Found a white marble altar of Elyvilon.
  2361 | D:3      | Reached XP level 5. HP: 29/29 MP: 1/8
  3016 | D:4      | Reached XP level 6. HP: 7/35 MP: 0/10
  3160 | D:4      | Noticed a phantom
  3198 | D:4      | Killed a phantom
  3373 | D:4      | Reached skill level 5 in Fire Magic
  3484 | D:4      | Learned a level 4 spell: Sticky Flame
  3564 | D:4      | Reached XP level 7. HP: 40/40 MP: 0/11
  3872 | D:4      | HP: 2/40 [something/puff of frost (7)]
  3873 | D:4      | Killed from afar by an orc wizard

Skill      XL: |  1  2  3  4  5  6 |
---------------+-------------------+-----
Conjurations   | 2 3 4 |  4.8
Fighting       | 1 2 |  2.9
Fire Magic     | 4 5 |  5.3
Spellcasting   | 3 |  3.3
Dodging        | |  1.6
Stealth        | |  2.1

Action                   |  1- 3 |  4- 6 |  7- 9 || total
-------------------------+-------+-------+-------++-------
Melee: Unarmed           |    10 |       |       ||    10
       Dagger            |     1 |    32 |    27 ||    60
 Fire: Hunting sling     |    23 |    47 |     7 ||    77
Throw: Stone             |     6 |       |       ||     6
 Cast: Flame Tongue      |    58 |    77 |    23 ||   158
       Throw Flame       |       |    14 |       ||    14
       Conjure Flame     |       |     4 |       ||     4
 Stab: Sleeping          |       |     1 |       ||     1
  Eat: Chunk             |     3 |     6 |       ||     9
       Ration            |       |     1 |       ||     1
Armor: Robe              |    11 |    12 |    16 ||    39
Dodge: Dodged            |    23 |    29 |    17 ||    69
